 Dungeon Crawl Stone Soup version 0.26-a0-1002-g7355149c4d (webtiles) character file.

Game seed: 16878230994253716265

2044 Sun the Poker (level 9, -1/68 HPs)
             Began as a Human Artificer on Dec 6, 2020.
             Killed from afar by an orc wizard (31 damage)
             ... with an exploding inner flame
             ... on level 6 of the Dungeon.
             The game lasted 00:10:37 (10239 turns).

Sun the Poker (Human Artificer)                    Turns: 10239, Time: 00:10:41

Health: -1/68      AC:  9    Str: 16    XL:     9   Next: 48%
Magic:  9/9        EV: 13    Int: 11    God:
Gold:   286        SH:  4    Dex: 14    Spells: 8/8 levels left

rFire    . . .     SeeInvis .   c - +2 trident (venom)
rCold    + . .     Faith    .   E - +0 buckler
rNeg     . . .     Spirit   .   A - +1 ring mail {rC+}
rPois    .         Reflect  .   e - +0 helmet
rElec    .         Harm     .   w - +0 cloak
rCorr    +         Rampage  .   (no gloves)
Will     +....                  (no boots)
Stlth    +.........             (no amulet)
HPRegen  0.21/turn              f - ring of willpower
MPRegen  0.11/turn              b - ring of resist corrosion

@: lightly drained
A: no striking features
a: no special abilities


You were on level 6 of the Dungeon.
You visited 1 branch of the dungeon, and saw 6 of its levels.

You collected 286 gold pieces.

Inventory:

Hand Weapons
 c - a +2 trident of venom (weapon)
 G - a +3 vorpal halberd
Missiles
 s - 19 boomerangs (quivered)
Armour
 e - a +0 helmet (worn)
 w - a +0 cloak (worn)
 A - a +1 ring mail of cold resistance (worn)
 E - a +0 buckler (worn)
Magical Staves
 z - an uncursed staff of air
Jewellery
 b - a ring of resist corrosion (right hand)
 f - a ring of willpower (left hand)
 h - a +6 ring of strength
 v - an uncursed ring of fire
 D - a cursed ring of attention {unknown}
Wands
 d - a wand of enslavement (12)
 t - a wand of polymorph (4)
Scrolls
 a - 2 scrolls of enchant weapon {unknown}
 l - a scroll of identify {unknown}
 n - 4 scrolls of remove curse
 q - 3 scrolls of magic mapping {unknown}
 u - a scroll of enchant armour {unknown}
 y - 3 scrolls of immolation
 B - a scroll of random uselessness {unknown}
 F - a scroll of fog {unknown}
Potions
 g - 2 potions of mutation {unknown}
 i - 2 potions of magic {unknown}
 j - 2 potions of curing
 o - a potion of resistance {unknown}
 p - 3 potions of lignification {unknown}
 r - 2 potions of heal wounds {unknown}
 x - 2 potions of flight {unknown}
 C - a potion of might


   Skills:
 + Level 5.0(4.7) Fighting
 * Level 6.2(5.9) Polearms
 + Level 5.2(5.0) Armour
 + Level 5.0(4.7) Dodging
 - Level 1.0(0.7) Stealth
 + Level 2.4(2.2) Shields
 - Level 5.0(4.7) Evocations


You had 8 spell levels left.
You didn't know any spells.
Your spell library was empty.

Dungeon Overview and Level Annotations

Branches:
Dungeon (6/15)
 Temple: D:4-7

Altars:
Elyvilon
Gozag
Kikubaaqudgha
Makhleb
Qazlal
Vehumet
Wu Jian
Zin

Shops:
D:4 *

Annotations:
D:6 Dowan, Duvessa, Menkaure


Message History

You puncture the orc!
You kill the orc!
An orc wizard comes into view. It is wielding a +0 dagger.
The orc wizard hits you with a +0 dagger.
Items here: ( )) †.
You closely miss the orc wizard.
Menkaure shouts!
The phantom blinks!
The orc wizard closely misses you.
You hit the orc wizard but do no damage.
The orc wizard is poisoned.
The orc wizard gestures at you while chanting.
The magic dart hits you.
Unknown command.
As you read the scroll labelled RUUR YTHRYTU, it crumbles to dust.
The creatures around you are filled with an inner flame!
It was a scroll of immolation.
Flame seeps out of the orc wizard.
The orc wizard is engulfed in blazing flames.
The orc wizard explodes!
The fiery explosion engulfs you!!
You die...

. .## #. ...##
#.#######.....
....#<†....#
#..#)....#..
###..#(.).##
#.....(....#
#.#.#e###..# # #@#
#..# # #○# #..#
##.#.#M###..# #
.......o..#z.###...
###.#.....z.......#
###.#.#z.###.#
....W......#
###..........#
##.##$......#


You could see a phantom (inner flame), Duvessa (inner flame), Menkaure (inner
flame) and an orc wizard (inner flame).

Vanquished Creatures
  Grinder (D:3)
  An ice beast (D:5)
  A sky beast (D:5)
  A black bear (D:5)
  An ogre (D:4)
  2 phantoms
  2 centaurs
  A bullfrog (D:3)
  A scorpion (D:4)
  5 wights
  A howler monkey (D:5)
  A centaur zombie (D:5)
  3 hounds
  A jelly (D:5)
  3 orc priests
  Crazy Yiuf (D:3)
  3 orc wizards
  Natasha (thrice) (D:3)
  An iguana (D:5)
  3 worker ants
  A hound zombie (D:6)
  A hound skeleton (D:5)
  Robin (D:3)
  4 gnolls
  7 adders
  A howler monkey skeleton (D:5)
  A shadow imp (D:5)
  A white imp (D:5)
  2 adder skeletons (D:4)
  2 worms (D:2)
  2 dart slugs (D:1)
  8 leopard geckos
  18 orcs
  2 bat zombies (D:5)
  6 giant cockroaches
  11 goblins
  14 hobgoblins
  4 jackals (D:5)
  2 quokkas (D:2)
  10 bats
  6 frilled lizards
  A jackal zombie (D:6)
  2 kobolds (D:3)
  7 rats
  A rat zombie (D:5)
151 creatures vanquished.

Vanquished Creatures (collateral kills)
  A goblin (D:2)
  2 hobgoblins (D:2)
3 creatures vanquished.

Vanquished Creatures (others)
  A quokka zombie (D:5)
1 creature vanquished.

Grand Total: 155 creatures vanquished

Notes
Turn   | Place    | Note
-------+----------+-------------------------------------------
     0 | D:1      | Sun the Human Artificer began the quest for the Orb.
     0 | D:1      | Reached XP level 1. HP: 15/15 MP: 1/1
   332 | D:1      | Reached XP level 2. HP: 21/21 MP: 2/2
   965 | D:1      | Reached XP level 3. HP: 26/26 MP: 3/3
  2671 | D:2      | Reached XP level 4. HP: 22/33 MP: 4/4
  3438 | D:3      | Noticed Robin
  3498 | D:2      | Reached XP level 5. HP: 26/38 MP: 5/5
  4768 | D:3      | Killed Robin
  5017 | D:3      | Noticed Grinder
  5039 | D:3      | Killed Grinder
  5040 | D:3      | Reached skill level 1 in Polearms
  5040 | D:3      | Reached XP level 6. HP: 24/46 MP: 6/6
  5197 | D:3      | Reached skill level 2 in Polearms
  5461 | D:3      | Reached XP level 7. HP: 48/51 MP: 7/7
  5507 | D:3      | Found a faded altar of an unknown god.
  5623 | D:3      | Found a radiant altar of Vehumet.
  5829 | D:3      | Found a runed translucent door.
  5830 | D:3      | Noticed Crazy Yiuf
  5862 | D:3      | Noticed Natasha
  5866 | D:3      | Killed Natasha
  5867 | D:3      | Reached skill level 5 in Evocations
  5999 | D:3      | Noticed Natasha
  6005 | D:3      | Killed Natasha
  6067 | D:3      | Killed Crazy Yiuf
  6104 | D:3      | Noticed Natasha
  6114 | D:3      | Killed Natasha
  7599 | D:4      | Reached skill level 3 in Polearms
  7801 | D:4      | Found a burning altar of Makhleb.
  7816 | D:4      | Found a glowing silver altar of Zin.
  7816 | D:4      | Noticed an angel
  7816 | D:4      | Noticed a balrug
  7871 | D:4      | Reached XP level 8. HP: 31/58 MP: 8/8
  8166 | D:4      | Found Gozag's Platinum Reserve.
  8168 | D:4      | Found an opulent altar of Gozag.
  8174 | D:4      | Found a white marble altar of Elyvilon.
  8505 | D:4      | Reached skill level 4 in Polearms
  8623 | D:5      | Entered Level 5 of the Dungeon
  8974 | D:5      | Reached skill level 5 in Polearms
  9155 | D:5      | Reached skill level 1 in Shields
  9221 | D:5      | Found a stormy altar of Qazlal.
  9230 | D:5      | Reached XP level 9. HP: 65/66 MP: 9/9
  9332 | D:5      | Reached skill level 5 in Armour
  9485 | D:5      | Found an ancient bone altar of Kikubaaqudgha.
  9611 | D:5      | Found an ornate altar of the Wu Jian Council.
  9726 | D:6      | Noticed Menkaure
 10047 | D:5      | Reached skill level 6 in Polearms
 10225 | D:6      | Reached skill level 5 in Fighting
 10232 | D:6      | Noticed Duvessa
 10234 | D:6      | Reached skill level 5 in Dodging
 10234 | D:6      | Noticed Dowan
 10239 | D:6      | Killed from afar by an orc wizard

Illustrated notes

Levels and vault maps discovered:
D:1:      minmay_arrival_four_loops, layout_basic
D:2:      layout_basic
D:3:      layout_rooms, lemuel_round_altar, chequers_ecumenical_altar_simple,
          uniq_natasha, uniq_robin, uniq_crazy_yiuf_cottage, uniq_grinder
D:4:      layout_rooms, grunt_temple_overflow_order_and_chaos_2,
          nicolae_gozag_zags_fifth_avenue,
          hangedman_abyss_or_decor_jellyfish_corner,
          corexii_item_surrounded_by_moat, elyvilon_altar_1
D:5:      minmay_general_purpose_star, layout_cave_pools,
          lemuel_zombie_altar_kikubaaqudgha, grunt_qazlal_clouds,
          nicolae_overflow_crystal_walls
D:6:      layout_loops_ring, minmay_temple_entry_purple_smoke,
          hellmonk_ghost_happy_afterlife, uniq_menkaure, uniq_duvessa

Skill      XL: |  1  2  3  4  5  6  7  8  9 |
---------------+----------------------------+-----
Fighting       | 2 3 4 5 |  5.0
Dodging        | 2 3 4 5 |  5.0
Evocations     | 4 5 |  5.0
Polearms       | 1 2 3 5 6 |  6.2
Armour         | 3 4 5 |  5.2
Shields        | 1 2 |  2.4
Stealth        | |  1.0

Action                   |  1- 3 |  4- 6 |  7- 9 || total
-------------------------+-------+-------+-------++-------
Melee: Club              |   102 |       |       ||   102
       Mace              |    31 |    59 |       ||    90
       Trident           |       |    34 |   362 ||   396
       Unarmed           |       |     6 |       ||     6
Throw: Boomerang         |       |     6 |       ||     6
Evoke: Wand              |    10 |    23 |       ||    33
  Use: Scroll            |       |       |     2 ||     2
 Stab: Sleeping          |     2 |       |     3 ||     5
Armor: Leather armour    |    62 |    27 |    20 ||   109
       Skin              |       |     1 |       ||     1
       Ring mail         |       |       |    64 ||    64
Dodge: Dodged            |   148 |   101 |   195 ||   444
Block: Buckler           |       |       |    30 ||    30

Table legend: (Time is in decaauts)
 A = Elapsed time spent in this place.
 B = Non-inter-level travel time spent in this place.
 C = Inter-level travel time spent in this place.
 D = Time resting spent in this place.
 E = Time spent auto-exploring this place.
 F = Levels seen in this place.
 G = Mean time per level.
                   A        B        C        D        E       F      G
               +--------+--------+--------+--------+--------+-----+--------+
         Total |  10350 |   9962 |    388 |   3018 |   5581 |   6 | 1725.0 |
       Dungeon |  10350 |   9962 |    388 |   3018 |   5581 |   6 | 1725.0 |
               +--------+--------+--------+--------+--------+-----+--------+

Top non-repeatable levels by time:
     D:2: 3076 daAuts
     D:3: 2457 daAuts
     D:1: 2129 daAuts
     D:5: 1537 daAuts
     D:4: 1053 daAuts
     D:6: 96 daAuts
